AoeStats
← Kamrul007

Black Forest

506663341Analyzed
4v4 RM · 18d ago on Sep 14, 2026· 56m 16s· 8 players
Game mode
Random Map
Map size
Large (8 player)
Population
200
Speed
Normal
Resources
Standard
Victory
Conquest
Starting age
Dark Age
Ending age
Imperial Age
RankedLock teamsTeams togetherTeam positionsShared explorationLock speedFull tech treeHidden civsTurbo modeCheats
Victory
Defeat
🇺🇸 Japanese · United States
1253
+14
🇮🇳 Malians · India
1228
+15
🇧🇩 Persians · Bangladesh
1227
+15
🇨🇳 Burmese · China
1157
+18
🇪🇸 Persians · Spain
1266
-18
🇦🇹 Bohemians · Austria
1260
-18
🇷🇺 Aztecs · Russia
1155
-13
🇪🇸 Romans · Spain
1151
-13
fran135
10:56 Feudal Age
16:10 Castle Age
15:29 Double-Bit Axe
15:27 Horse Collar
17:45 Bow Saw
22:25 Heavy Plow
23:04 Stone Mining
26:03 Wheelbarrow
25:14 Loom
25:15 Town Watch
25:58 Gold Mining
27:27 Hand Cart
31:59 Imperial Age
29:31 Town Patrol
29:25 Fletching
29:47 Forging
29:42 Scale Barding Armor
30:06 Bodkin Arrow
30:58 Ballistics
30:13 Man-at-Arms
30:56 Squires
31:48 Iron Casting
31:14 Scale Mail Armor
31:43 Caravan
31:58 Long Swordsman
32:48 Siege Engineers
33:45 Chemistry
33:37 Legionary
33:46 Heavy Scorpion
34:36 Ballistas
34:53 Conscription
38:15 Blast Furnace
37:31 Chain Mail Armor
46:03 Pikeman
46:56 Halberdier
54:54 Comitatenses
Pusteblume
0:39 Loom
11:11 Feudal Age
15:45 Castle Age
13:36 Double-Bit Axe
15:38 Horse Collar
20:06 Heavy Plow
20:26 Bow Saw
27:35 Wheelbarrow
31:26 Imperial Age
28:44 Town Watch
29:37 Squires
29:23 Arson
29:41 Scale Mail Armor
29:52 Forging
30:28 Pikeman
31:33 Hand Cart
32:15 Town Patrol
31:41 Halberdier
33:31 Chemistry
35:20 Onager
NOHCHO
1:09 Loom
13:52 Feudal Age
17:47 Castle Age
15:33 Horse Collar
17:00 Double-Bit Axe
17:09 Stone Mining
19:20 Bow Saw
19:13 Heavy Plow
22:10 Gold Mining
24:11 Wheelbarrow
29:23 Imperial Age
27:12 Fletching
27:43 Crossbowman
28:43 Bodkin Arrow
29:28 Gold Shaft Mining
32:25 Stone Shaft Mining
31:57 Bracer
31:20 Arbalester
33:12 Crop Rotation
33:57 Ballistics
33:32 Pikeman
34:34 Padded Archer Armor
36:16 Leather Archer Armor
37:35 Hand Cart
37:34 Forging
38:28 Chemistry
40:14 Scale Mail Armor
41:29 Iron Casting
42:25 Squires
42:53 Siege Engineers
43:07 Eagle Warrior
45:06 Chain Mail Armor
46:10 Town Watch
46:59 Plate Mail Armor
52:00 Blast Furnace
51:23 Conscription
53:16 Garland Wars
53:07 Arson
Samuelduk2
2:25 Loom
13:16 Feudal Age
16:48 Castle Age
15:23 Double-Bit Axe
15:19 Horse Collar
18:17 Bow Saw
19:13 Heavy Plow
20:31 Wheelbarrow
25:21 Hand Cart
24:51 Town Watch
31:17 Imperial Age
29:23 Gold Mining
31:25 Town Patrol
31:32 Scale Barding Armor
31:38 Forging
33:53 Two-Man Saw
33:25 Crop Rotation
33:31 Gold Shaft Mining
32:47 Stone Mining
35:11 Elite War Elephant
36:12 Conscription
37:21 Stone Shaft Mining
36:51 Onager
43:54 Bloodlines
43:45 Husbandry
44:21 Iron Casting
44:07 Chain Barding Armor
55:43 Pikeman
56:24 Squires
56:10 Gambesons
56:10 Arson
Non faux pa
1:13 Loom
13:17 Feudal Age
13:29 Man-at-Arms
14:44 Fletching
16:09 Double-Bit Axe
18:53 Horse Collar
20:22 Fishing Lines
20:37 Stone Mining
24:22 Castle Age
26:41 Bodkin Arrow
26:54 Gillnets
32:18 Imperial Age
29:50 Guard Tower
29:41 Treadmill Crane
30:54 Yasama
31:18 Ballistics
31:10 Masonry
30:35 Pikeman
31:54 Scale Mail Armor
32:05 Forging
31:58 Squires
31:45 Arson
32:58 Wheelbarrow
34:13 Chemistry
33:38 Town Watch
34:55 Hand Cart
34:42 Bracer
35:20 Keep
35:57 Murder Holes
36:35 Siege Engineers
37:40 Kataparuto
37:35 Padded Archer Armor
37:54 Chain Mail Armor
38:15 Iron Casting
38:02 Halberdier
41:17 Plate Mail Armor
43:12 Long Swordsman
48:00 Town Patrol
48:08 Two-Handed Swordsman
49:58 Blast Furnace
49:09 Champion
49:36 Gambesons
Butcher
1:55 Loom
11:07 Feudal Age
16:18 Castle Age
15:38 Double-Bit Axe
23:39 Bow Saw
23:13 Horse Collar
25:49 Fletching
30:52 Imperial Age
28:48 Forging
28:39 Bodkin Arrow
29:45 Padded Archer Armor
30:22 Ballistics
30:42 Leather Archer Armor
30:38 Forging
31:39 Wheelbarrow
32:23 Conscription
32:50 Heavy Plow
32:18 Elite Gbeto
34:24 Iron Casting
35:00 Hand Cart
36:29 Chemistry
38:55 Farimba
39:15 Bloodlines
38:27 Heavy Camel Rider
38:32 Light Cavalry
39:13 Husbandry
45:16 Heavy Camel Rider
48:01 Scale Barding Armor
49:18 Chain Barding Armor
55:06 Plate Barding Armor
Kamrul007
7:56 Loom
10:42 Feudal Age
16:00 Castle Age
14:59 Double-Bit Axe
14:57 Horse Collar
15:18 Town Watch
17:36 Town Watch
19:03 Bow Saw
19:55 Heavy Plow
23:18 Wheelbarrow
24:08 Stone Mining
24:18 Gold Mining
27:12 Hand Cart
28:40 Town Patrol
29:40 Gold Shaft Mining
32:51 Imperial Age
30:38 Scale Barding Armor
30:37 Padded Archer Armor
31:36 Stone Shaft Mining
31:21 Bloodlines
31:20 Husbandry
31:35 Forging
31:56 Chain Barding Armor
32:43 Murder Holes
33:10 Ballistics
33:28 Iron Casting
33:09 Leather Archer Armor
32:38 Elite War Elephant
33:42 Conscription
34:39 Two-Man Saw
34:16 Crop Rotation
34:42 Plate Barding Armor
36:04 Chemistry
35:16 Masonry
36:13 Blast Furnace
37:18 Ring Archer Armor
41:02 Caravan
435589836
0:39 Loom
11:36 Feudal Age
13:02 Wheelbarrow
15:56 Castle Age
23:45 Gold Mining
25:39 Gold Shaft Mining
29:32 Imperial Age
27:37 Scale Barding Armor
27:43 Forging
27:52 Bloodlines
27:43 Husbandry
29:03 Hand Cart
29:15 Chain Barding Armor
28:53 Fletching
31:31 Conscription
35:20 Elite Battle Elephant
35:36 Heavy Scorpion
36:30 Light Cavalry
38:39 Chemistry
37:33 Hussar
39:12 Chain Barding Armor
39:28 Iron Casting
38:49 Bodkin Arrow
41:26 Manipur Cavalry
42:33 Blast Furnace
45:01 Plate Barding Armor
54:35 Padded Archer Armor
Connection lost

Rejoining the realm…

Still unreachable

The connection could not be restored.

Session expired

The server has moved on; the page needs a fresh start.